 Dungeon Crawl Stone Soup version 0.18.1-48-g4cf74bf (webtiles) character file.

126 Inkary the Skirmisher (level 4, -2/41 HPs)
             Began as a Minotaur Fighter on July 22, 2016.
             Slain by an orc wizard
             ... wielding a +0 dagger
              (4 damage)
             ... on level 3 of the Dungeon.
             The game lasted 00:04:49 (1318 turns).

Inkary the Skirmisher (Minotaur Fighter)            Turns: 1318, Time: 00:04:50

Health: -2/41      AC:  7    Str: 25    XL:     4   Next: 84%
Magic:  3/3        EV:  7    Int:  5    God:
Gold:   88         SH: 10    Dex: 11    Spells: 0 memorised, 3 levels left

rFire  . . .     SeeInvis .     a - +0 flail
rCold  . . .     Gourm    .     b - +0 scale mail
rNeg   . . .     Faith    .     c - +0 shield
rPois  .         Spirit   .     (helmet restricted)
rElec  .         Dismiss  .     (no cloak)
rCorr  .         Reflect  .     (no gloves)
SustAt .         Harm     .     (no boots)
MR     .....                    (no amulet)
Stlth  ..........               (no ring)
                                (no ring)

@: mighty, not resistant to hostile enchantments, extremely unstealthy
A: retaliatory headbutt, horns 2
a: no special abilities


You were on level 3 of the Dungeon.
You were hungry.

You visited 1 branch of the dungeon, and saw 3 of its levels.

You collected 88 gold pieces.

Inventory:

Hand Weapons
 a - a +0 flail (weapon)
Armour
 b - a +0 scale mail (worn)
 c - a +0 shield (worn)
Jewellery
 e - an uncursed amulet of rage {unknown}
 k - an uncursed ring of flight {unknown}
 s - an uncursed ring of fire {unknown}
Scrolls
 m - a scroll of magic mapping {unknown}
 n - a scroll of fog {unknown}
 q - 3 scrolls of enchant armour {unknown}
 t - a scroll of fear {unknown}
 u - a scroll of noise {unknown}
 v - a scroll of remove curse {unknown}
Potions
 d - a potion of might
 i - a potion of lignification
 j - a potion of flight {unknown}
Comestibles
 f - 3 bread rations
 g - a slice of pizza
 h - a beef jerky
 l - a fruit
 p - a meat ration


   Skills:
 + Level 4.8 Fighting
 + Level 4.3 Maces & Flails
 + Level 4.6 Armour
 - Level 3.6 Shields


You had 3 spell levels left.
You didn't know any spells.

Dungeon Overview and Level Annotations

Branches:
Dungeon (3/15)

Altars:


Innate Abilities, Weirdness & Mutations

You reflexively headbutt those who attack you in melee.
You have a pair of horns on your head.


Message History

The puff of flame hits you!
* * * LOW HITPOINT WARNING * * *
You hear some strange, mumbled words.
A puff of frost appears from out of thin air!
The puff of frost hits you!
* * * LOW HITPOINT WARNING * * *
Drink which item? (? for menu, Esc to quit)
You feel better. You block something's attack.
Drink which item? (? for menu, Esc to quit)
You feel very mighty all of a sudden. Something hits you but does no damage.
You hear some strange, mumbled words.
A magic dart appears from out of thin air!
The magic dart hits you!
* * * LOW HITPOINT WARNING * * *
You closely miss something. Something hits you.
* * * LOW HITPOINT WARNING * * *
You closely miss something. Something hits you but does no damage.
Something hits you.
You die...

###. .# ..# .# #
#.# o.# #. #
#.###..# #..
#.##......# . ..
.....#..#...
##.##.####.#......#
+.......@{o.<.....#
##....####<#.#....#
#... #....#...# #.Z
###....g.# #.
#.###..# # ... .#
.... . .####


You could see an orc.

Vanquished Creatures
  A hound skeleton (D:3)
  3 gnolls (D:3)
  4 adders (D:2)
  2 worms (D:2)
  2 dart slugs
  A giant gecko (D:1)
  2 orcs (D:3)
  4 bats
  2 giant cockroaches
  6 goblins
  3 hobgoblins
  A quokka (D:2)
  A ball python (D:2)
  3 giant newts (D:2)
  A kobold (D:3)
  6 rats
42 creatures vanquished.

Notes
Turn   | Place    | Note
--------------------------------------------------------------
     0 | D:1      | Inkary the Minotaur Fighter began the quest for the Orb.
     0 | D:1      | Reached XP level 1. HP: 19/19 MP: 0/0
   191 | D:1      | Reached XP level 2. HP: 27/27 MP: 1/1
   577 | D:2      | Reached XP level 3. HP: 26/33 MP: 2/2
   945 | D:2      | Reached XP level 4. HP: 26/41 MP: 3/3
  1314 | D:3      | HP: 2/41 [something/puff of frost (9)]
  1318 | D:3      | Slain by an orc wizard

Skill      XL: |  1  2  3  4 |
---------------+-------------+-----
Fighting       | 4 |  4.8
Maces & Flails | 3 4 |  4.3
Armour         | 4 |  4.6
Shields        | |  3.6

Action                   |  1- 3 |  4- 6 || total
-------------------------+-------+-------++-------
Melee: Flail             |    83 |    44 ||   127
       Headbutt          |     6 |     4 ||    10
  Use: Potion            |     2 |     2 ||     4
  Eat: Chunk             |       |     1 ||     1
Armor: Scale mail        |    33 |    14 ||    47
       Skin              |    16 |       ||    16
Dodge: Dodged            |    26 |     6 ||    32
Block: Shield            |    44 |    19 ||    63
